 Dungeon Crawl Stone Soup version 0.29-a0-350-g7790a0e70a (webtiles) character file.

Game seed: 2865003369236006618

11921 spaghetti the Thrower (level 11, -2/120 HPs)
             Began as an Ogre Berserker on Apr 23, 2022.
             Was a Priest of Trog.
             Slain by an acid dragon (4 damage)
             ... on level 11 of the Dungeon.
             The game lasted 00:22:37 (12677 turns).

spaghetti the Thrower (Ogre Berserker)             Turns: 12677, Time: 00:22:38

Health: -2/120     AC:  5    Str: 27    XL:     11   Next: 85%
Magic:  11/11      EV: 12    Int:  8    God:    Trog [***...]
Gold:   1026       SH:  4    Dex:  8    Spells: 10/10 levels left

rFire   . . .      SeeInvis +   t - +7 hand axe {axe}
rCold   . . .      Faith    .   (no shield)
rNeg    . . .      Spirit   .   C - +0 steam dragon scales
rPois   .          Reflect  .   (helmet restricted)
rElec   .          Harm     .   q - +1 cloak
rCorr   .          Rampage  .   (gloves unavailable)
Will    ++++.                   (boots unavailable)
Stlth   +.........              d - amulet of regeneration {@e2}
HPRegen 2.10/turn               h - ring of willpower
MPRegen 0.12/turn               o - ring of see invisible

@: strong-willed (expiring), on berserk cooldown, regenerating (expiring),
slowed, very slow
A: large, unfitting armour, tough skin 1, hooves 1, large bone plates 1,
deformed body, subdued magic 1
a: Renounce Religion, Berserk, Trog's Hand


You were on level 11 of the Dungeon.
You worshipped Trog.
Trog was most pleased with you.
You visited 1 branch of the dungeon, and saw 11 of its levels.
You also visited: Sewer and Bailey.

You collected 1026 gold pieces.


Innate Abilities, Weirdness & Mutations

You are too large for most types of armour.
You have tough skin. (AC +1)
You have large cloven feet.
You are partially covered in large bone plates. (SH +4)
Armour fits poorly on your strangely shaped body.
Your spells are a little easier to cast, but a little less powerful.


   Skills:
 + Level 11.5 Fighting
 - Level 3.0 Axes
 * Level 11.7 Throwing
 * Level 11.2 Dodging


You had 10 spell levels left.
You didn't know any spells.
Your spell library contained the following spells:

 Spells                   Type           Power      Damage    Failure   Level
 Shock                    Conj/Air       0%         1d3       36%         1
 Summon Small Mammal      Summ           0%         N/A       36%         1
 Blink                    Tloc           0%         N/A       50%         2
 Corpse Rot               Necr/Air       0%         N/A       50%         2
 Ensorcelled Hibernation  Hex/Ice        0%         N/A       50%         2
 Passwall                 Tmut/Erth      0%         N/A       50%         2
 Call Canine Familiar     Summ           0%         N/A       75%         3
 Gell's Gravitas          Tloc           0%         N/A       75%         3
 Lesser Beckoning         Tloc           0%         N/A       75%         3
 Portal Projectile        Hex/Tloc       0%         N/A       75%         3
 Spider Form              Tmut/Pois      0%         N/A       75%         3
 Summon Guardian Golem    Hex/Summ       0%         N/A       75%         3
 Swiftness                Air            0%         N/A       75%         3
 Teleport Other           Tloc           0%         N/A       75%         3
 Airstrike                Air            0%         N/A       99%         4
 Anguish                  Hex/Necr       0%         N/A       99%         4
 Dispel Undead            Necr           0%         3d6       99%         4
 Leda's Liquefaction      Hex/Erth       0%         N/A       99%         4
 Manifold Assault         Tloc           0%         N/A       100%        5
 Death Channel            Necr           0%         N/A       100%        6

Inventory:

Hand Weapons
 a - the +7 great mace "Undeadhunter" {disrupt, rN+, mace}
   (You found it in a bailey)

   It inflicts significantly more damage against the undead.
   rN:        It protects you from negative energy.
 i - a +0 broad axe {axe}
   (You took it off an orc knight in a bailey)
 t - a +7 hand axe (weapon) {axe}
   (You took it off an orc on level 4 of the Dungeon)
Missiles
 c - 327 stones {throwing}
 g - 3 large rocks {=fthrowing}
 k - 101 poisoned darts {throwing}
 B - 12 atropa-tipped darts {throwing}
 E - 13 curare-tipped darts {=fthrowing}
 H - 17 boomerangs (quivered) {throwing}
Armour
 b - a +0 animal skin
 q - a +1 cloak (worn)
   (You found it on level 3 of the Dungeon)
 C - +0 steam dragon scales (worn)
   (You found it on level 6 of the Dungeon)
Jewellery
 d - an amulet of regeneration (around neck) {@e2}
   (You found it on level 4 of the Dungeon)
 e - a +4 ring of protection
   (You found it in a bailey)
 h - a ring of willpower (left hand)
   (You found it on level 2 of the Dungeon)
 o - a ring of see invisible (right hand)
   (You found it on level 3 of the Dungeon)
 r - a ring of fire
   (You found it on level 5 of the Dungeon)
Wands
 w - a wand of acid (6)
   (You found it on level 4 of the Dungeon)
 K - a wand of mindburst (9)
   (You found it on level 10 of the Dungeon)
Scrolls
 l - 4 scrolls of immolation {!r!r}
 m - 3 scrolls of teleportation {@r4}
 n - a scroll of holy word
 p - 3 scrolls of magic mapping {!r}
 v - 3 scrolls of noise {!r}
 y - 2 scrolls of fog
 G - a scroll of identify {@r1}
 I - 4 scrolls of enchant armour
 Q - a scroll of enchant weapon
Potions
 f - 7 potions of brilliance
 j - 3 potions of heal wounds {@q2}
 s - 3 potions of might
 u - 3 potions of magic
 x - a potion of resistance
 z - a potion of lignification {!q}
 A - a potion of invisibility {unknown}
 J - a potion of attraction {unknown}
 L - 2 potions of cancellation {unknown}
 M - 2 potions of curing {@q1}
Miscellaneous
 D - a box of beasts
   (You found it in a bailey)
 F - a lightning rod (4/4)
   (You found it in a bailey)

Dungeon Overview and Level Annotations

Branches:
Dungeon (11/15)            Temple (0/1) D:5            Lair (0/6) D:10
  Sewer (visited)          Bailey (visited)
    Orc: D:9-12

Altars:
Ashenzari
Cheibriados
Dithmenos
Fedhas
Kikubaaqudgha
Nemelex Xobeh
Okawaru
Qazlal
Vehumet
Wu Jian
Xom
Yredelemnul
The Shining One
Beogh

Shops:
D:2 [   D:8 [

Annotations:
D:6 4 runed translucent doors, zeratav's ghost, novice OpCj
D:7 1 runed translucent door, Cecur's ghost, novice DsGl
D:8 3 runed translucent doors, Atlas's ghost, novice OpAE
D:9 3 runed translucent doors, spaghetti's ghost, novice DDNe

#####
############....
..............#
..............#
..............#
.........ยง>...#
.........>....###
........y........
.......@W(.......
........D........
.................
#########โ€
#####.. ## #(####
.. #โ—‹.#....#
#.โ—‹..#..#
#.####.## .. .


You could see a wraith, an acid dragon and a vampire mosquito.


Message History

The vampire mosquito bites your ogre!
Your ogre misses the vampire mosquito.
The vampire mosquito bites your ogre. ๐Ÿ˜ฑ HP[+2]
You regained 2 hp, and now have 11/120 hp.
The vampire mosquito bites your ogre!
Your ogre barely misses the vampire mosquito.
The vampire mosquito bites your ogre!
Your ogre dies!
Your ogre's corpse disappears in a puff of smoke!
The vampire mosquito bites your ogre!
Your ogre misses the vampire mosquito. ๐Ÿ˜ฑ HP[+1]
Your skin crawls.
You feel strong-willed.
The vampire mosquito bites your ogre but does no damage.
The vampire mosquito barely misses your ogre.
Your ogre barely misses the vampire mosquito.
The vampire mosquito closely misses your ogre.
Your ogre barely misses the vampire mosquito. ๐Ÿ˜ฑ HP[+4]
You regained 4 hp, and now have 16/120 hp.
Unknown command.
The vampire mosquito bites your ogre!
The vampire mosquito closely misses your ogre.
Your ogre barely misses the vampire mosquito.
The vampire mosquito bites your ogre.
There is a stone staircase leading down here. ๐Ÿ˜ฑ HP[+3]
You regained 3 hp, and now have 19/120 hp.
The vampire mosquito closely misses your ogre.
The vampire mosquito barely misses your ogre.
Your ogre closely misses the vampire mosquito.
The vampire mosquito completely misses your ogre. ๐Ÿ˜ฑ HP[+3]
You regained 3 hp, and now have 22/120 hp.
The vampire mosquito completely misses your ogre.
Your ogre barely misses the vampire mosquito.
The vampire mosquito bites your ogre!
Your ogre misses the vampire mosquito. The vampire mosquito bites your ogre!
Your ogre dies!
Your ogre's corpse disappears in a puff of smoke! ๐Ÿ˜ฑ HP[+3]
You regained 3 hp, and now have 25/120 hp.
Okay, then.
Throw: 6 large rocks {=fthrowing}
Press: ? - help, Shift-Dir - straight line, f - vampire mosquito
Aim: a vampire mosquito (51% to hit)
You throw a large rock {=fthrowing}.
The large rock {=fthrowing} hits the vampire mosquito! ๐Ÿ˜ฑ HP[+5]
You regained 5 hp, and now have 30/120 hp.
Throw: 5 large rocks {=fthrowing}
Press: ? - help, Shift-Dir - straight line, f - acid dragon, p - vampire mosquito
Aim: an acid dragon (66% to hit)
You throw a large rock {=fthrowing}.
The large rock {=fthrowing} hits the vampire mosquito.
The vampire mosquito bites you.
* * * LOW HITPOINT WARNING * * *
The vampire mosquito draws strength from your injuries!
A wraith comes into view.
The vampire mosquito bites you but does no damage. ๐Ÿ˜จ HP[+2]
You regained 2 hp, and now have 32/120 hp.
Throw: 4 large rocks {=fthrowing}
Press: ? - help, Shift-Dir - straight line, f/p - acid dragon
Aim: an acid dragon (66% to hit)
You throw a large rock {=fthrowing}.
The large rock {=fthrowing} hits the vampire mosquito but does no damage.
The vampire mosquito bites you.
* * * LOW HITPOINT WARNING * * *
The vampire mosquito draws strength from your injuries!
The vampire mosquito bites you!
* * * LOW HITPOINT WARNING * * *
The vampire mosquito draws strength from your injuries!
The vampire mosquito bites you.
* * * LOW HITPOINT WARNING * * *
The vampire mosquito draws strength from your injuries!
The vampire mosquito bites you.
* * * LOW HITPOINT WARNING * * *
The vampire mosquito draws strength from your injuries! ๐Ÿ˜ฑ HP[-18]
You take 18 damage, and now have 14/120 hp.
Okay, then.
Really read
N - a scroll of blinking {!r}?
Blink to where?
Press: ? - help, Dir - move target, p - acid dragon
As you read the scroll of blinking {!r}, it crumbles to dust.
The vampire mosquito bites you!
* * * LOW HITPOINT WARNING * * *
The vampire mosquito draws strength from your injuries!
The vampire mosquito barely misses you. The wraith hits you.
* * * LOW HITPOINT WARNING * * *
๐Ÿ˜ฑ HP[-7]
You take 7 damage, and now have 7/120 hp.
You feel the effects of Trog's Hand fading.
The vampire mosquito bites you!
* * * LOW HITPOINT WARNING * * *
The vampire mosquito draws strength from your injuries!
The vampire mosquito closely misses you.
You block the wraith's attack. The acid dragon bites you.
You die...

Skill      XL: |  1  2  3  4  5  6  7  8  9 10 11 |
---------------+----------------------------------+-----
Throwing       | 1 2 3 4 5 7 8 10 11 | 11.7
Dodging        | 3 4 5 7 8 9 11 | 11.2
Fighting       | 5 6 7 9 10 11 | 11.5
Axes           | |  3.0

Action                   |  1- 3 |  4- 6 |  7- 9 | 10-12 || total
-------------------------+-------+-------+-------+-------++-------
Melee: Hand axe          |    48 |    57 |   184 |   374 ||   663
       Punch             |     1 |     2 |     2 |     6 ||    11
       Spear             |    40 |   138 |       |       ||   178
       Kick              |       |       |    41 |   105 ||   146
Throw: Stone             |    78 |    84 |   101 |   135 ||   398
       Large rock        |       |       |     1 |     3 ||     4
       Boomerang         |       |       |       |    22 ||    22
Invok: Berserk           |     2 |     3 |     7 |    12 ||    24
       Trog's Hand       |       |       |     1 |     3 ||     4
       Brothers in Arms  |       |       |       |     3 ||     3
Evoke: Wand              |       |       |     3 |       ||     3
  Use: Scroll            |       |     8 |     4 |     7 ||    19
       Potion            |       |       |     4 |     2 ||     6
Armor: Animal skin       |    17 |    57 |    30 |       ||   104
       Steam dragon scal |       |       |    18 |    73 ||    91
Dodge: Dodged            |    32 |   134 |   142 |   253 ||   561
Block: Other             |       |       |    40 |   106 ||   146

Levels and vault maps discovered:
D:1:      amcnicky_arrival_blooded_trapdoor, layout_loops_cross,
          shapermc_ecumenical_altar_gd, st_stairs_3
D:2:      layout_basic, serial_shops, nicolae_shop_trees, st_stairs_6
D:3:      layout_loops_ring, tso_metal_star, mainiacjoe_overflow_cross_hatched,
          mainiacjoe_overflow_swirl, fedhas_altar_1
D:4:      layout_cave_pods, mainiacjoe_overflow_concentric_impassable,
          cheibrodos_sewer_entry_sluice
D:5:      layout_cave_pools, nicolae_ashenzari_skybound,
          minmay_temple_entry_statues_pillars, uniq_crazy_yiuf_cottage,
          uniq_blork_the_orc
D:6:      layout_rooms, dk_yredelemnul_ordeal, biasface_ghost_orc_armoury
D:7:      layout_basic, mainiacjoe_overflow_tiny_flanked,
          ebering_ghost_inner_flame, uniq_maggie
D:8:      layout_gridville, gammafunk_ghost_necromancy, nicolae_stop_n_shop_1,
          chequers_jeans, minmay_misc_feat_rows
D:9:      wander_kiku_kobolds, layout_basic,
          mainiacjoe_overflow_six_doors_small, kennysheep_mini_moat,
          gammafunk_ghost_split, bh_circular_ruins, uniq_pikel
D:10:     layout_long_grid, nicolae_qazlal_scattered_showers,
          kennysheep_little_box, lair_entry_dummy, enter_bailey_4
D:11:     minmay_the_grid_4x2 [minmay_the_grid_large_cup,
          minmay_the_grid_minigrid_large, minmay_the_grid_x,
          minmay_the_grid_minigrid_small, minmay_the_grid_pillar_ring,
          minmay_the_grid_stretched_grid, minmay_the_grid_embedded,
          minmay_the_grid_prize_inner_circle], layout_irregular_city

Notes
Turn   | Place    | Note
-------+----------+-------------------------------------------
     0 | D:1      | spaghetti the Ogre Berserker began the quest for the Orb.
     0 | D:1      | Reached XP level 1. HP: 24/24 MP: 1/1
     0 | D:1      | magus.rc [v1.9.6]
     7 | D:1      | You pick up a book of Spatial Translocations {forbidden}
                  | and begin reading...
     7 | D:1      | You add the spells Blink, Lesser Beckoning and Manifold
                  | Assault to your library.
   243 | D:1      | Reached XP level 2. HP: 32/32 MP: 2/2
   301 | D:1      | Found a faded altar of an unknown god.
   464 | D:1      | Reached skill level 1 in Throwing
   502 | D:1      | Reached skill level 3 in Dodging
  1059 | D:2      | HP: 6/32 [worm (10)]
  1062 | D:2      | Reached XP level 3. HP: 11/39 MP: 3/3
  1096 | D:2      | HP: 14/58 [endoplasm (2)]
  1595 | D:2      | You pick up a book of Displacement {forbidden} and begin
                  | reading...
  1595 | D:2      | You add the spells Gell's Gravitas and Teleport Other to
                  | your library.
  1819 | D:2      | Reached skill level 2 in Throwing
  1994 | D:2      | Reached XP level 4. HP: 49/49 MP: 4/4
  2082 | D:2      | Reached ** piety under Trog
  2110 | D:2      | Found Jomec's Antique Armour Shop.
  2718 | D:3      | Found a glowing golden altar of the Shining One.
  2811 | D:3      | You pick up a book of Decay {forbidden} and begin
                  | reading...
  2811 | D:3      | You add the spells Corpse Rot, Dispel Undead and Death
                  | Channel to your library.
  3206 | D:3      | Found an ancient bone altar of Kikubaaqudgha.
  3503 | D:3      | Found a shadowy altar of Dithmenos.
  3512 | D:3      | Found a radiant altar of Vehumet.
  3617 | D:3      | magus.rc [v1.9.6]
  3631 | D:3      | Reached XP level 5. HP: 47/55 MP: 5/5
  3896 | D:3      | Found a blossoming altar of Fedhas.
  3973 | D:4      | HP: 19/82 [ufetubus (3)]
  4278 | D:4      | Found an ornate altar of the Wu Jian Council.
  4548 | D:4      | Found a glowing drain.
  4552 | D:4      | Reached skill level 5 in Fighting
  4563 | Sewer    | Entered a sewer
  4569 | Sewer    | Reached skill level 3 in Throwing
  4569 | Sewer    | Reached skill level 4 in Dodging
  4686 | Sewer    | Noticed a kobold brigand
  4686 | Sewer    | Noticed a kobold brigand
  4696 | Sewer    | Killed a kobold brigand
  4697 | Sewer    | Reached XP level 6. HP: 43/66 MP: 6/6
  5048 | D:4      | Reached skill level 4 in Throwing
  5067 | D:4      | Reached skill level 5 in Dodging
  5067 | D:4      | Reached XP level 7. HP: 69/74 MP: 7/7
  5313 | D:4      | Reached skill level 6 in Fighting
  5468 | D:4      | Noticed a steam dragon
  5482 | D:4      | HP: 11/75 [steam dragon (10)]
  5484 | D:4      | Gained mutation: Your spells are a little easier to cast,
                  | but a little less powerful. [potion of mutation]
  5484 | D:4      | Gained mutation: Armour fits poorly on your strangely
                  | shaped body. [potion of mutation]
  5484 | D:4      | Gained mutation: You are partially covered in large bone
                  | plates. (SH +4) [potion of mutation]
  5484 | D:4      | Gained mutation: You have large cloven feet. [potion of
                  | mutation]
  5487 | D:4      | HP: 15/75 [steam dragon] (18)]
  5490 | D:4      | HP: 7/75 [steam dragon (4)]
  5491 | D:4      | Killed a steam dragon
  5492 | D:4      | Reached skill level 5 in Throwing
  6058 | D:5      | Entered Level 5 of the Dungeon
  6058 | D:5      | Noticed Blork the orc
  6202 | D:5      | Killed Blork the orc
  6203 | D:5      | Reached XP level 8. HP: 81/84 MP: 8/8
  6300 | D:5      | Reached skill level 6 in Dodging
  6362 | D:5      | Reached skill level 7 in Fighting
  6362 | D:5      | Reached skill level 6 in Throwing
  6364 | D:5      | Reached *** piety under Trog
  6390 | D:5      | Found a broken altar of Ashenzari.
  6422 | D:5      | Found a staircase to the Ecumenical Temple.
  6545 | D:5      | You pick up a book of Decay {forbidden} and begin
                  | reading...
  6636 | D:5      | You pick up a book of Callings {forbidden} and begin
                  | reading...
  6636 | D:5      | You add the spells Summon Small Mammal, Call Canine
                  | Familiar and Summon Guardian Golem to your library.
  6672 | D:5      | You pick up a book of Dreams {forbidden} and begin
                  | reading...
  6672 | D:5      | You add the spells Ensorcelled Hibernation, Spider Form and
                  | Anguish to your library.
  6880 | D:6      | HP: 32/130 [steam dragon (6)]
  6883 | D:6      | Reached skill level 7 in Throwing
  6883 | D:6      | Reached skill level 7 in Dodging
  6883 | D:6      | Reached XP level 9. HP: 34/94 MP: 9/9
  7177 | D:6      | Reached skill level 8 in Fighting
  7335 | D:6      | You pick up a book of Burglary {forbidden} and begin
                  | reading...
  7335 | D:6      | You add the spells Passwall and Swiftness to your library.
  7408 | D:6      | Found a runed translucent gate.
  7421 | D:6      | Found a runed translucent gate.
  7422 | D:6      | Found a runed translucent gate.
  7425 | D:6      | Noticed zeratav's ghost (novice OpCj)
  7446 | D:6      | You pick up a book of Air {forbidden} and begin reading...
  7446 | D:6      | You add the spells Shock and Airstrike to your library.
  7534 | D:6      | Found a runed translucent door.
  7537 | D:6      | Found a basalt altar of Yredelemnul.
  7792 | D:7      | Reached skill level 8 in Throwing
  7884 | D:7      | Reached **** piety under Trog
  7900 | D:7      | Reached skill level 8 in Dodging
  7983 | D:7      | Found a sparkling altar of Nemelex Xobeh.
  8076 | D:7      | Reached skill level 9 in Fighting
  8081 | D:7      | Reached XP level 10. HP: 107/107 MP: 10/10
  8318 | D:7      | You pick up a book of Displacement {forbidden} and begin
                  | reading...
  8341 | D:7      | Found a runed translucent door.
  8341 | D:7      | Noticed an unseen horror
  8342 | D:7      | Noticed Cecur's ghost (novice DsGl)
  8391 | D:7      | Noticed Maggie
  8402 | D:7      | Killed Maggie
  8403 | D:7      | Reached skill level 9 in Throwing
  8406 | D:7      | HP: 39/160 [water moccasin (4)]
  8411 | D:7      | HP: 17/107 [poisoned by a water moccasin]
  8416 | D:7      | HP: 17/107 [poisoned by a water moccasin]
  8618 | D:8      | Found a runed translucent gate.
  8618 | D:8      | Found a runed translucent gate.
  8618 | D:8      | Found a runed translucent gate.
  8619 | D:8      | Noticed Atlas's ghost (novice OpAE)
  8624 | D:8      | You pick up a book of the Hunter {forbidden} and begin
                  | reading...
  8624 | D:8      | You add the spells Portal Projectile and Leda's
                  | Liquefaction to your library.
  8749 | D:8      | Reached skill level 9 in Dodging
  9065 | D:8      | Found Foasm's Antique Armour Shop.
  9422 | D:8      | HP: 25/109 [acid dragon/splash of acid (19)]
  9722 | D:9      | Found a snail-covered altar of Cheibriados.
  9879 | D:9      | Noticed Pikel
  9899 | D:9      | Killed Pikel
  9900 | D:9      | Reached skill level 10 in Fighting
  9900 | D:9      | Reached skill level 10 in Throwing
 10154 | D:9      | Found an iron altar of Okawaru.
 10287 | D:9      | Reached XP level 11. HP: 101/119 MP: 11/11
 10295 | D:9      | Reached skill level 10 in Dodging
 10428 | D:9      | Noticed a boulder beetle
 10447 | D:9      | HP: 19/119 [boulder beetle (25)]
 10454 | D:9      | Killed a boulder beetle
 10549 | D:9      | Found a runed translucent gate.
 10549 | D:9      | Noticed a centaur warrior
 10550 | D:9      | Found a runed translucent gate.
 10551 | D:9      | Noticed a skeletal warrior
 10552 | D:9      | Found a runed translucent gate.
 10552 | D:9      | Noticed spaghetti's ghost (novice DDNe)
 10757 | D:9      | Reached ***** piety under Trog
 10763 | D:9      | Received a gift from Trog
 10825 | D:9      | Found an ancient bone altar of Kikubaaqudgha.
 11260 | D:10     | Entered Level 10 of the Dungeon
 11272 | D:10     | Reached skill level 11 in Throwing
 11314 | D:10     | Found a stormy altar of Qazlal.
 11554 | D:10     | Found a flagged portal.
 11570 | Bailey   | Entered a bailey
 11597 | Bailey   | Reached skill level 11 in Fighting
 11648 | Bailey   | Found the +7 great mace "Undeadhunter" {disrupt, rN+}
 11667 | Bailey   | Noticed an orc knight
 11668 | Bailey   | Found an iron altar of Okawaru.
 11677 | Bailey   | HP: 39/180 [orc warrior/+0 war axe (12)]
 11679 | Bailey   | HP: 18/180 [orc knight/+0 broad axe (13)]
 11688 | Bailey   | Killed an orc knight
 11694 | Bailey   | HP: 23/120 [orc warrior/+0 war axe (27)]
 11874 | D:10     | HP: 29/120 [troll (13)]
 12036 | D:10     | Found a staircase to the Lair.
 12096 | D:10     | HP: 25/120 [vampire mosquito (6)]
 12101 | D:10     | HP: 20/180 [vampire mosquito (7)]
 12102 | D:10     | HP: 8/180 [vampire mosquito (11)]
 12274 | D:10     | Found a shimmering altar of Xom.
 12381 | D:10     | Reached skill level 11 in Dodging
 12647 | D:11     | Noticed a boulder beetle
 12665 | D:11     | HP: 21/120 [boulder beetle (21)]
 12666 | D:11     | HP: 7/120 [boulder beetle (14)]
 12666 | D:11     | Killed a boulder beetle
 12675 | D:11     | HP: 23/120 [vampire mosquito (9)]
 12676 | D:11     | HP: 10/120 [vampire mosquito (8)]
 12677 | D:11     | HP: 2/120 [vampire mosquito (8)]
 12677 | D:11     | Slain by an acid dragon

Vanquished Creatures
  Pikel (D:9)
  Maggie (D:7)
  A kobold demonologist (D:9)
  2 trolls (D:10)
  A hornet (D:9)
  3 slime creatures (D:10)
  6 yaks (D:9)
  A shadow (D:11)
  2 steam dragons
  2 wyverns
  4 vampire mosquitoes (D:10)
  An acid dragon (D:8)
  A water moccasin (D:7)
  4 orc warriors
  4 ice beasts
  2 sky beasts
  3 black bears
  3 ogres
  2 phantoms
  3 lemures (D:9)
  Blork the orc (D:5)
  22 kobold brigands
  5 bullfrogs
  3 necrophages
  A gnoll sergeant (D:9)
  3 scorpions
  7 wights
  6 killer bees (D:8)
  4 howler monkeys
  3 gnoll shamans
  4 hounds
  5 orc priests
  A human skeleton (D:6)
  5 orc wizards
  5 iguanas
  2 human simulacra (D:9)
  15 gnolls
  6 adders
  A river rat (Sewer)
  3 shadow imps
  4 ufetubi
  7 worms
  3 dart slugs
  24 orcs
  7 ball pythons
  A bat (D:1)
  5 endoplasms
  3 giant cockroaches
  10 goblins
  10 hobgoblins
  9 jackals (D:4)
  5 quokkas
  3 frilled lizards
  A goblin zombie (D:6)
  57 kobolds
  5 kobold skeletons (D:9)
  13 kobold zombies (D:9)
  10 rats
326 creatures vanquished.

Vanquished Creatures (collateral kills)
  A boulder beetle (D:11)
  An orc knight (Bailey)
  An orc warrior (Bailey)
3 creatures vanquished.

Vanquished Creatures (others)
  A boulder beetle (D:9)
  2 jackals (D:4)
3 creatures vanquished.

Grand Total: 332 creatures vanquished

Table legend:
 A = Non-vault XP
 B = Vault XP
 C = Vault XP percentage of total XP
 D = Non-vault monster count
 E = Vault monster count
 F = Vault count percentage of total count
                 A         B        C        D         E       F
            +---------+---------+-------+---------+---------+-------
      Total |   11408 |    5623 |  33.0 |     215 |     112 |  34.3
            +---------+---------+-------+---------+---------+-------
        D:1 |      20 |       6 |  23.1 |      10 |       4 |  28.6
        D:2 |      73 |       1 |   1.4 |      23 |       1 |   4.2
        D:3 |      83 |       0 |   0.0 |       9 |       0 |   0.0
        D:4 |     719 |       7 |   1.0 |      33 |       3 |   8.3
        D:5 |     848 |      96 |  10.2 |      22 |       1 |   4.3
        D:6 |    1039 |      37 |   3.4 |      19 |       2 |   9.5
        D:7 |    1812 |     389 |  17.7 |      26 |       1 |   3.7
        D:8 |    1395 |       0 |   0.0 |      34 |       0 |   0.0
        D:9 |    3183 |    2099 |  39.7 |      21 |      55 |  72.4
       D:10 |    2236 |      11 |   0.5 |      18 |       5 |  21.7
       D:11 |       0 |    1060 | 100.0 |       0 |       2 | 100.0
      Sewer |       0 |     251 | 100.0 |       0 |      20 | 100.0
     Bailey |       0 |    1666 | 100.0 |       0 |      18 | 100.0
            +---------+---------+-------+---------+---------+-------

Illustrated notes

Table legend:
 A = Kills in this place as a percentage of kills in entire the game.
 B = Kills by you in this place as a percentage of kills by you in the entire game.
 C = Kills by friends in this place as a percentage of kills by friends in the entire game.
 D = Other kills in this place as a percentage of other kills in the entire game.
 E = Experience gained in this place as a percentage of experience gained in the entire game.
 F = Experience gained in this place divided by the number of levels of this place that you have seen.
                   A       B       C       D       E      F
               +-------+-------+-------+-------+-------+----------------------
         Total | 100.0 | 100.0 | 100.0 | 100.0 | 100.0 | 1310.1
       Dungeon |  88.4 |  88.9 |  33.3 | 100.0 |  88.7 | 1374.0
         Sewer |   6.1 |   6.2 |   0.0 |   0.0 |   1.5 | 251.0
        Bailey |   5.5 |   5.0 |  66.7 |   0.0 |   9.8 | 1666.0
               +-------+-------+-------+-------+-------+----------------------

Table legend: (Time is in decaauts)
 A = Elapsed time spent in this place.
 B = Non-inter-level travel time spent in this place.
 C = Inter-level travel time spent in this place.
 D = Time resting spent in this place.
 E = Time spent auto-exploring this place.
 F = Levels seen in this place.
 G = Mean time per level.
                   A        B        C        D        E       F      G
               +--------+--------+--------+--------+--------+-----+--------+
         Total |  12969 |  12680 |    289 |   2152 |   8184 |  13 |  997.6 |
       Dungeon |  12146 |  11857 |    289 |   2066 |   7752 |  11 | 1104.2 |
         Sewer |    538 |    538 |      0 |      0 |    348 |   1 |  538.0 |
        Bailey |    285 |    285 |      0 |     86 |     83 |   1 |  285.0 |
               +--------+--------+--------+--------+--------+-----+--------+

Top non-repeatable levels by time:
     D:9: 1746 daAuts
     D:3: 1710 daAuts
     D:2: 1601 daAuts
     D:4: 1582 daAuts
    D:10: 1140 daAuts
     D:1: 968 daAuts
     D:7: 955 daAuts
     D:8: 951 daAuts
     D:6: 833 daAuts
     D:5: 604 daAuts
   Sewer: 538 daAuts
  Bailey: 285 daAuts
    D:11: 51 daAuts
